 Dungeon Crawl Stone Soup version 0.24-a0-537-g2d01d4ab0a (webtiles) character file.

Game seed: 2689809446159724012

3887 DavidChitty2 the Destroyer (level 10, -3/86 HPs)
             Began as a Pale Draconian Conjurer on Aug 16, 2019.
             Was a Follower of Vehumet.
             Slain by a troll (4 damage)
             ... while petrified by a basilisk
             ... on level 9 of the Dungeon.
             The game lasted 00:22:54 (13269 turns).

DavidChitty2 the Destroyer (DrCj)                  Turns: 13269, Time: 00:22:55

Health: -3/86      AC: 11    Str: 13    XL:     10   Next: 0%
Magic:  7/19       EV:  2    Int: 18    God:    Vehumet [*.....]
Gold:   597        SH:  0    Dex: 12    Spells: 9/22 levels left

rFire    . . .     SeeInvis .   b - +0 long sword
rCold    . . .     Gourm    .   n - +0 buckler
rNeg     + + +     Faith    .   (armour unavailable)
rPois    ∞         Spirit   .   (helmet restricted)
rElec    .         Reflect  +   c - +1 cloak
rCorr    .         Harm     .   h - +0 pair of gloves
MR       .....                  j - +0 pair of boots (curse)
Stlth    ++........             E - +6 amulet of reflection
HPRegen  0.24/turn              k - +2 ring of strength
MPRegen  0.16/turn              x - ring of positive energy

@: petrified
A: breathe steam, unfitting armour, cold-blooded, AC +7
a: Breathe Steam, Renounce Religion


You were on level 9 of the Dungeon.
You worshipped Vehumet.
Vehumet was aware of your devotion.
You were near starving.

You visited 2 branches of the dungeon, and saw 10 of its levels.
You also visited: Sewer.

You collected 597 gold pieces.

Inventory:

Hand Weapons
 a - a +3 short sword of venom
   (You took it off a kobold on level 1 of the Dungeon)
 b - a +0 long sword (weapon)
   (You found it on level 8 of the Dungeon)
 G - a +2 dagger of electrocution
   (You took it off a big kobold in a sewer)
Missiles
 q - 8 curare-tipped darts (quivered) {!f}
Armour
 c - a +1 cloak (worn)
   (You found it on level 1 of the Dungeon)
 h - a +0 pair of gloves (worn)
   (You found it on level 2 of the Dungeon)
 j - a cursed +0 pair of boots (worn)
   (You found it on level 4 of the Dungeon)
 n - a +0 buckler (worn)
   (You found it on level 5 of the Dungeon)
 J - a +0 large shield
   (You found it on level 3 of the Dungeon)
Jewellery
 k - a +2 ring of strength (left hand)
   (You found it on level 1 of the Dungeon)
 x - a ring of positive energy (right hand)
   (You found it on level 4 of the Dungeon)
 D - an uncursed amulet of the acrobat
   (You found it on level 6 of the Dungeon)
 E - a +6 amulet of reflection (around neck)
   (You found it on level 7 of the Dungeon)
Wands
 t - a wand of flame (14)
   (You found it on level 8 of the Dungeon)
 u - a wand of enslavement (14)
   (You found it on level 7 of the Dungeon)
 v - a wand of digging (8)
   (You found it on level 4 of the Dungeon)
 B - a wand of scattershot (8)
   (You found it on level 6 of the Dungeon)
 F - a wand of polymorph (9)
   (You found it on level 7 of the Dungeon)
Scrolls
 d - 3 scrolls of identify {@r1}
 g - 3 scrolls of teleportation {@r4}
 m - 3 scrolls of remove curse {@r2}
 w - 3 scrolls of fog
 y - a scroll of enchant weapon
 H - a scroll of enchant armour
Potions
 f - 7 potions of heal wounds {@q2}
 i - a potion of cancellation
 l - 4 potions of flight
 o - 2 potions of agility
 p - 2 potions of haste {@q3}
 r - 6 potions of might
 s - 6 potions of curing {@q1}
 z - a potion of berserk rage
 A - a potion of magic
 C - a potion of lignification {!q}
Comestibles
 e - 13 rations {!d}


   Skills:
 + Level 7.3 Fighting
 - Level 1.7 Dodging
 - Level 1.7 Stealth
 - Level 4.0 Shields
 + Level 6.5 Spellcasting
 * Level 10.4 Conjurations
 + Level 0.7 Air Magic
 + Level 0.6 Poison Magic


You had 9 spell levels left.
You knew the following spells:

 Your Spells              Type           Power        Failure   Level  Hunger
a - Magic Dart            Conj           ####         1%          1    None
b - Poisonous Vapours     Pois/Air       #.....       13%         2    None
s - Searing Ray           Conj           #####.       1%          2    None
x - Iskenderun's Mystic   Conj           #####...     1%          4    ####...
y - Olgreb's Toxic Radia  Pois           #.......     65%         4    ####...

Your spell library contained the following spells:

 Spells                   Type           Power        Failure   Level  Hunger
 Flame Tongue             Conj/Fire      ###..        1%          1    None
 Sting                    Conj/Pois      ####         1%          1    None
 Dazzling Spray           Conj/Hex       ###...       4%          3    ##.....
 Mephitic Cloud           Conj/Pois/Air  ###.....     7%          3    ##.....
 Force Lance              Conj/Tloc      ###.....     13%         4    ####...
 Fulminant Prism          Conj/Hex       ###.......   13%         4    ####...
 Venom Bolt               Conj/Pois      ####......   32%         5    #####..


Dungeon Overview and Level Annotations

Branches:
Dungeon (9/15)             Temple (1/1) D:6
   Lair: D:8-11         Orc: D:9-12

Altars:
Ashenzari
Cheibriados
Dithmenos
Elyvilon
Fedhas
Gozag
Hepliaklqana
Kikubaaqudgha
Makhleb
Nemelex Xobeh
Okawaru
Qazlal
Ru
Sif Muna
Trog
Uskayaw
Vehumet
Wu Jian
Xom
Yredelemnul
Zin
The Shining One

Shops:
D:6 =

Annotations:
D:9 2 runed translucent doors, Gynju's ghost, novice SpEn


Innate Abilities, Weirdness & Mutations

You can breathe blasts of scalding, opaque steam.
Your pale cyan-grey scales are hard. (AC +7)
You cannot fit into any form of body armour.
You are cold-blooded and may be slowed by cold attacks.


Message History

The hound zombie bites you but does no damage.
The basilisk gazes at you. The troll bites you but does no damage.
The troll claws you but does no damage. The troll claws you.
* * * LOW HITPOINT WARNING * * *
The hippogriff bites you!
* * * LOW HITPOINT WARNING * * *
The hippogriff pecks you but does no damage.
The hippogriff claws you but does no damage.
The hound zombie bites you but does no damage.
The basilisk bites you but does no damage.
The hound zombie bites you but does no damage.
The troll bites you!
* * * LOW HITPOINT WARNING * * *
The troll claws you.
* * * LOW HITPOINT WARNING * * *
The troll claws you.
* * * LOW HITPOINT WARNING * * *
The hippogriff bites you.
* * * LOW HITPOINT WARNING * * *
The hippogriff completely misses you.
The hippogriff claws you but does no damage.
The hound zombie bites you but does no damage.
The basilisk bites you but does no damage.
The troll bites you.
* * * LOW HITPOINT WARNING * * *
The troll claws you!
* * * LOW HITPOINT WARNING * * *
The troll claws you.
* * * LOW HITPOINT WARNING * * *
The hippogriff bites you!
* * * LOW HITPOINT WARNING * * *
The hippogriff pecks you but does no damage.
The hippogriff claws you.
* * * LOW HITPOINT WARNING * * *
The hound zombie bites you but does no damage.
The basilisk bites you.
* * * LOW HITPOINT WARNING * * *
The troll bites you but does no damage.
The troll claws you but does no damage. x2
The hippogriff bites you!
* * * LOW HITPOINT WARNING * * *
The hippogriff pecks you.
* * * LOW HITPOINT WARNING * * *
The hippogriff claws you but does no damage.
The hound zombie bites you but does no damage.
The basilisk gazes at you. The troll bites you!
* * * LOW HITPOINT WARNING * * *
The troll claws you but does no damage. The troll claws you!
You die...

#.# #....T.# #.# ########.##
#.####.###l### #.....#...######.#
#.#..(..#
#+###...........##.####.#.>...###
#..##...#...###......##..........
##.##..###......##.#.####.....###
...##..########.##.#.# #.....#
.#...............l.#.##########
.#...........##Z@H........
.#....#..........T........
###########.##...####.....
##.#.### ##...# .#.#. ..)≈.#. #
#.(.# .# # #..≈..# #.##...# #.#
.# ≈⌠$#≈.#####......# #.# #.#
≈.≈?..≈# ...##..## #.# ...
##++##### #.##..#####.# ..#


You could see a hippogriff, a troll, a basilisk and a hound zombie.

Vanquished Creatures
  A troll (D:8)
  A hippogriff (D:8)
  A shadow (D:9)
  Sigmund (D:3)
  A black bear (D:8)
  A sky beast (D:6)
  A necrophage (D:5)
  4 phantoms
  An orc warrior (D:7)
  An ice beast (D:8)
  4 ogres
  A centaur (D:5)
  3 big kobolds
  A crocodile (D:9)
  5 bullfrogs
  2 scorpions
  A howler monkey (D:6)
  4 crimson imps
  A bullfrog zombie (D:5)
  A centaur zombie (D:8)
  3 centaur skeletons
  3 hounds
  4 iguanas
  Terence (D:3)
  3 orc wizards
  6 worker ants
  A killer bee zombie (D:8)
  2 hound skeletons
  2 worker ant zombies
  11 adders
  A gnoll (D:2)
  6 river rats (Sewer)
  4 shadow imps
  3 oozes
  2 adder skeletons
  2 worms
  5 dart slugs
  7 leopard geckos
  12 orcs
  5 ball pythons
  6 bats
  7 giant cockroaches
  9 goblins
  5 hobgoblins
  11 jackals
  4 quokkas
  6 frilled lizards
  A jackal zombie (D:7)
  23 kobolds
  23 rats
214 creatures vanquished.

Vanquished Creatures (others)
  A centaur (D:9)
1 creature vanquished.

Grand Total: 215 creatures vanquished

Notes
Turn   | Place    | Note
-------+----------+-------------------------------------------
     0 | D:1      | DavidChitty2 the Draconian Conjurer began the quest for the
                  | Orb.
     0 | D:1      | Reached XP level 1. HP: 14/14 MP: 3/3
   242 | D:1      | Reached XP level 2. HP: 16/22 MP: 0/5
   349 | D:1      | Learned a level 2 spell: Searing Ray
   387 | D:1      | Reached skill level 1 in Fighting
  1120 | D:1      | Reached XP level 3. HP: 24/28 MP: 0/6
  1859 | D:2      | Reached XP level 4. HP: 36/36 MP: 1/7
  1923 | D:2      | Learned a level 4 spell: Iskenderun's Mystic Blast
  2134 | D:2      | Reached skill level 5 in Conjurations
  3126 | D:2      | Found an iron altar of Okawaru.
  3126 | D:2      | Found a shadowy altar of Dithmenos.
  3127 | D:2      | Found a shattered altar of Ashenzari.
  3287 | D:3      | Noticed Sigmund
  3306 | D:3      | Killed Sigmund
  3306 | D:3      | Reached XP level 5. HP: 20/45 MP: 1/9
  3531 | D:3      | Reached XP level 6. HP: 47/51 MP: 7/10
  3874 | D:2      | Found a blossoming altar of Fedhas.
  3874 | D:2      | Found a white marble altar of Elyvilon.
  3929 | D:3      | Noticed Terence
  3941 | D:3      | Killed Terence
  3941 | D:3      | Reached skill level 6 in Conjurations
  4715 | D:4      | Found a glowing drain.
  4720 | Sewer    | Entered a sewer
  4854 | Sewer    | Reached skill level 1 in Shields
  5590 | Sewer    | Your scales start taking on a pale cyan-grey colour.
  5590 | Sewer    | Reached XP level 7. HP: 57/57 MP: 10/12
  6517 | D:4      | You fall into a shaft and drop 2 floors!
  6788 | D:5      | Entered Level 5 of the Dungeon
  6875 | D:4      | Reached skill level 7 in Conjurations
  7764 | D:5      | Found an ornate altar of the Wu Jian Council.
  7786 | D:5      | Reached XP level 8. HP: 59/67 MP: 4/14
  7910 | D:5      | Found a glowing golden altar of the Shining One.
  9433 | D:6      | Reached skill level 5 in Fighting
  9464 | D:6      | Reached skill level 8 in Conjurations
  9776 | D:6      | Reached skill level 5 in Spellcasting
 10193 | D:6      | Found a glowing silver altar of Zin.
 10195 | D:6      | Noticed an angel
 10252 | D:6      | Found a staircase to the Ecumenical Temple.
 10307 | Temple   | Entered the Ecumenical Temple
 10358 | Temple   | Became a worshipper of Vehumet
 10383 | D:6      | Found Asuojudo's Jewellery Boutique.
 10472 | D:7      | Reached XP level 9. HP: 70/75 MP: 2/16
 10837 | D:7      | Reached skill level 9 in Conjurations
 12047 | D:8      | Noticed a troll
 12057 | D:8      | Killed a troll
 12072 | D:8      | Reached * piety under Vehumet
 12072 | D:8      | Offered knowledge of Flame Tongue by Vehumet.
 12309 | D:8      | Found a shimmering altar of Xom.
 12313 | D:8      | Reached skill level 10 in Conjurations
 12342 | D:8      | Found a hazy altar of Hepliaklqana.
 12343 | D:8      | Noticed a spectral ugly thing
 12733 | D:8      | Learned a level 2 spell: Poisonous Vapours
 12738 | D:8      | Learned a level 4 spell: Olgreb's Toxic Radiance
 12949 | D:9      | Noticed a troll
 13034 | D:9      | Found a large runed translucent door.
 13034 | D:9      | Found a large runed translucent door.
 13035 | D:9      | Noticed Gynju's ghost (novice SpEn)
 13234 | D:9      | Reached XP level 10. HP: 84/86 MP: 3/19
 13269 | D:9      | HP: 1/86 [troll (6)]
 13269 | D:9      | Slain by a troll

Levels and vault maps discovered:
D:1:      wander_arrival_fairy_ring, layout_basic
D:2:      minmay_chambers_of_twos, layout_basic, nicolae_overflow_hidden_temple,
          lemuel_old_faithful
D:3:      layout_basic, uniq_terence, uniq_sigmund
D:4:      minmay_inner_zag, layout_loops_ring, first_ration,
          gup_sewer_entry_bowl
D:5:      layout_layer_cave, kennysheep_mini, minmay_ruined_shrine
D:6:      layout_rooms, zin_angel, minmay_temple_entry_enclosed_plants,
          serial_glass, glass_columns_a, glass_columns_c, serial_shops,
          nicolae_shop_stone
D:7:      layout_rooms
D:8:      layout_rooms, regret_index_temple_of_mockery
D:9:      layout_loops_ring, david_lair_generic, ebering_ghost_disaster_area,
          the_bakery, nrook_guardian_serpent_double
Temple:   nicolae_temple_god_jail

Skill      XL: |  1  2  3  4  5  6  7  8  9 |
---------------+----------------------------+-----
Fighting       | 1 3 4 5 7 |  7.3
Conjurations   | 5 6 7 8 10 | 10.4
Spellcasting   | 3 4 5 6 |  6.5
Shields        | 1 2 4 |  4.0
Dodging        | |  1.7
Stealth        | |  1.7
Air Magic      | |  0.7
Poison Magic   | |  0.6

Action                   |  1- 3 |  4- 6 |  7- 9 | 10-12 || total
-------------------------+-------+-------+-------+-------++-------
Melee: Dagger            |    27 |       |    30 |       ||    57
       Tailslap          |     1 |     2 |    10 |       ||    13
       Short sword       |     6 |    34 |    42 |       ||    82
       Long sword        |       |       |     6 |       ||     6
 Cast: Magic Dart        |    76 |   163 |   430 |     2 ||   671
       Searing Ray       |       |     3 |    16 |       ||    19
       Iskenderun's Myst |       |       |    10 |       ||    10
  Use: Potion            |       |     1 |     3 |       ||     4
       Scroll            |       |    12 |    11 |       ||    23
  Eat: Chunk             |     4 |     8 |    20 |       ||    32
       Ration            |       |     1 |     1 |       ||     2
Armor: Skin              |    12 |    28 |   111 |    33 ||   184
Dodge: Dodged            |    36 |    69 |   162 |     8 ||   275
Block: Buckler           |       |       |    90 |     2 ||    92
       Reflection        |       |       |     1 |       ||     1
       Rpst.: Long sword |       |       |     3 |       ||     3

Table legend:
 A = Non-vault XP
 B = Vault XP
 C = Vault XP percentage of total XP
 D = Non-vault monster count
 E = Vault monster count
 F = Vault count percentage of total count
                 A         B        C        D         E       F
            +---------+---------+-------+---------+---------+-------
      Total |    4451 |    1102 |  19.8 |     143 |      72 |  33.5
            +---------+---------+-------+---------+---------+-------
        D:1 |      41 |       0 |   0.0 |      21 |       0 |   0.0
        D:2 |      80 |      26 |  24.5 |      21 |       8 |  27.6
        D:3 |      51 |     259 |  83.5 |      18 |       2 |  10.0
        D:4 |     126 |     109 |  46.4 |       7 |       7 |  50.0
        D:5 |     535 |     228 |  29.9 |      21 |       6 |  22.2
        D:6 |     862 |       0 |   0.0 |      17 |       0 |   0.0
        D:7 |     734 |       0 |   0.0 |      16 |       0 |   0.0
        D:8 |    1677 |       0 |   0.0 |      19 |       0 |   0.0
        D:9 |     345 |     100 |  22.5 |       3 |       1 |  25.0
      Sewer |       0 |     380 | 100.0 |       0 |      48 | 100.0
            +---------+---------+-------+---------+---------+-------
